 Dungeon Crawl Stone Soup version 0.27.1-33-g824d729ab1 (webtiles) character file.

Game seed: 15322483936674156717

175 halfoni the Chopper (level 5, -6/63 HPs)
             Began as a Human Berserker on Dec 18, 2021.
             Was a Priest of Trog.
             Mangled by a raiju (7 damage)
             ... on level 2 of the Abyss.
             The game lasted 00:05:40 (4686 turns).

halfoni the Chopper (Human Berserker)               Turns: 4686, Time: 00:05:40

Health: -6/63      AC: 10    Str: 18    XL:     5   Next: 86%
Magic:  5/5        EV:  8    Int:  7    God:    Trog [***...]
Gold:   53         SH:  0    Dex: 13    Spells: 4/4 levels left

rFire    . . .     SeeInvis .   a - +0 hand axe
rCold    . . .     Faith    +   (no shield)
rNeg     . . .     Spirit   .   l - +0 chain mail
rPois    .         Reflect  .   (no helmet)
rElec    .         Harm     .   (no cloak)
rCorr    .         Rampage  .   m - +0 pair of gloves
Will     .....                  (no boots)
Stlth    ..........             h - amulet of faith
HPRegen  0.20/turn              (no ring)
MPRegen  0.09/turn              (no ring)

@: berserking (expiring), very quick
A: no striking features
a: Renounce Religion, Berserk, Trog's Hand


You were on level 2 of the Abyss.
You worshipped Trog.
Trog was most pleased with you.
You visited 1 branch of the dungeon, and saw 4 of its levels.
You visited the Abyss 1 time.

You collected 95 gold pieces.
You spent 42 gold pieces at shops.

Inventory:

Hand Weapons
 a - a +0 hand axe (weapon)
Armour
 b - a +0 animal skin
 l - a +0 chain mail (worn)
 m - a +0 pair of gloves (worn)
Jewellery
 h - an amulet of faith (around neck)
Scrolls
 c - a scroll of fear {unknown}
 d - 2 scrolls of teleportation
 e - a scroll of immolation {unknown}
 g - 3 scrolls of identify {unknown}
 k - a scroll of noise {unknown}
 q - 2 scrolls of enchant weapon {unknown}
Potions
 f - a potion of brilliance {unknown}
 i - a potion of degeneration {unknown}
 j - 2 potions of curing {unknown}
 n - a potion of cancellation {unknown}
 o - a potion of attraction {unknown}
 p - a potion of heal wounds {unknown}
 r - a potion of ambrosia {unknown}


   Skills:
 + Level 4.1 Fighting
 + Level 4.7 Axes
 + Level 2.5 Armour
 + Level 2.5 Dodging


You had 4 spell levels left.
You didn't know any spells.
Your spell library was empty.

Dungeon Overview and Level Annotations

Branches:
Dungeon (4/15)
 Temple: D:4-7

Altars:
Kikubaaqudgha
Zin

Shops:
D:4 ?

Annotations:
D:4 1 runed translucent door, Crazy Yiuf, Edmund


Message History

This branch contains the abyssal rune of Zot.
You feel a strong urge to attack something.
You are no longer berserk.
You are exhausted.
You feel yourself slow down.
You start resting.
You feel yourself speed up.
You start resting.
You recover from your berserk rage.
You start resting.
HP restored.
You start waiting.
A raiju comes into view.
The raiju barks!
You hear a bark!
The raiju bursts into living lightning!
The living lightning hits you!
The raiju blinks! x2
A red film seems to cover your vision as you go berserk!
You feel yourself moving faster!
You feel mighty! The raiju bites you. The raiju shocks you!
You miss the raiju. The raiju bites you. The raiju shocks you!
You closely miss the raiju. You miss the raiju. The raiju bites you.
The raiju shocks you!
You barely miss the raiju. The raiju bites you but does no damage.
You hit the raiju.
The raiju is lightly wounded.
You miss the raiju.
The raiju is lightly wounded.
The raiju bites you but does no damage.
You slash the raiju!
The raiju is moderately wounded.
The raiju bursts into living lightning!
The living lightning hits you!
* * * LOW HITPOINT WARNING * * *
The raiju blinks!
You hit the raiju.
The raiju is moderately wounded.
The raiju bites you!
* * * LOW HITPOINT WARNING * * *
The raiju shocks you!
You die...

# .# #.#
####..#
#..@..#
##.h##.....
##....# #.#
#.....#
#.#.#.#. #
.....#.#..#
..###.........
.. ...##. ###.
.# . #


You could see a raiju.

Vanquished Creatures
  An orc priest (D:4)
  A hound skeleton (D:4)
  4 adders
  2 worms
  4 dart slugs
  7 orcs
  5 ball pythons
  6 endoplasms
  2 giant cockroaches
  4 goblins
  7 hobgoblins
  7 kobolds
  7 quokkas
  7 bats
  4 frilled lizards
  7 rats
75 creatures vanquished.

Notes
Turn   | Place    | Note
-------+----------+-------------------------------------------
     0 | D:1      | halfoni the Human Berserker began the quest for the Orb.
     0 | D:1      | Reached XP level 1. HP: 18/18 MP: 1/1
     3 | D:1      | Noticed an electric eel
     4 | D:1      | Noticed an electric eel
   297 | D:1      | Reached XP level 2. HP: 24/24 MP: 2/2
   674 | D:1      | Reached XP level 3. HP: 29/29 MP: 3/3
  1881 | D:2      | Reached ** piety under Trog
  2272 | D:2      | Reached XP level 4. HP: 32/35 MP: 4/4
  2972 | D:3      | Found a glowing silver altar of Zin.
  3037 | D:3      | Found an ancient bone altar of Kikubaaqudgha.
  3127 | D:3      | Reached XP level 5. HP: 6/42 MP: 5/5
  3414 | D:3      | Reached *** piety under Trog
  3479 | D:3      | Found a faded altar of an unknown god.
  3779 | D:4      | Found Jiusau's Magic Scroll Emporium.
  3788 | D:4      | Bought a scroll of teleportation for 42 gold pieces
  3938 | D:4      | Noticed a phantom
  4238 | D:4      | Found a runed translucent door.
  4239 | D:4      | Noticed Crazy Yiuf
  4604 | D:4      | Noticed Edmund
  4623 | D:4      | Cast into level 2 of the Abyss (Edmund)
  4675 | Abyss:2  | Noticed a raiju
  4686 | Abyss:2  | HP: 1/63 [raiju (8)]
  4686 | Abyss:2  | Mangled by a raiju

Illustrated notes

Levels and vault maps discovered:
D:1:      arrival_aquarium_b, layout_loops_ring, minmay_misc_feat_columns
D:2:      layout_loops_ring
D:3:      layout_rooms, mainiacjoe_overflow_tiny_flanked,
          mainiacjoe_overflow_chevrons,
          shapermc_ecumenical_altar_mp_urbaneastern, minmay_stone_trees_small
D:4:      layout_rooms, serial_shops, nicolae_shop_trees, uniq_duvessa,
          uniq_natasha, uniq_edmund, uniq_crazy_yiuf_cottage
Abyss:2:  base: D:4, base: D:3, gammafunk_abyss_exit_x_factor

Skill      XL: |  1  2  3  4  5 |
---------------+----------------+-----
Axes           | 4 |  4.7
Fighting       | 4 |  4.1
Armour         | |  2.5
Dodging        | |  2.5

Action                   |  1- 3 |  4- 6 || total
-------------------------+-------+-------++-------
Melee: Hand axe          |   120 |   134 ||   254
Invok: Berserk           |     1 |     6 ||     7
  Use: Scroll            |       |     1 ||     1
 Stab: Sleeping          |     3 |     1 ||     4
Armor: Animal skin       |    37 |     4 ||    41
       Chain mail        |       |    56 ||    56
Dodge: Dodged            |    87 |    60 ||   147
